 Dungeon Crawl Stone Soup version 0.31-a0-574-g69dc8cc98e (webtiles) character file.

Game seed: 1050378083391350175

212 kae the Ruffian (level 5, -1/45 HPs)
             Began as a Minotaur Shapeshifter on Aug 18, 2023.
             Slain by a dart slug (3 damage)
             ... on level 3 of the Dungeon.
             The game lasted 00:01:21 (1625 turns).

kae the Ruffian (Minotaur Shapeshifter)             Turns: 1625, Time: 00:01:22

Health: -1/45      AC:  2    Str: 19    XL:     5   Next: 58%
Magic:  4/4        EV: 12    Int:  5    God:
Gold:   81         SH:  0    Dex: 13    Spells: 4/4 levels left

rFire   . .          .
                       - Unarmed
rCold   . . .        (no shield)
rNeg    . . .        a - +0 animal skin
rPois   .            (helmet currently unavailable)
rElec   .            (cloak currently unavailable)
rCorr   .            (gloves currently unavailable)
SInv    .            (boots currently unavailable)
Will    .....        (no amulet)
Stlth   +            (no ring)
HPRegen 0.27/turn    (no ring)
MPRegen 0.09/turn

%: no passive effects
@: beast-form
A: beast (slay +2), horns 2, retaliatory headbutt
a: Begin Untransformation


You were on level 3 of the Dungeon.
You were a hulking beast.
You visited 1 branch of the dungeon, and saw 3 of its levels.

You collected 105 gold pieces.
You spent 24 gold pieces at shops.


Innate Abilities, Weirdness & Mutations

You are a hulking beast.
Your limbs bulge with bestial killing power. (Slay +2)
You have a pair of horns on your head.
You reflexively headbutt those who attack you in melee.


   Skills:
 + Level 3.1 Fighting
 - Level 2.1 Dodging
 + Level 4.5 Unarmed Combat
 * Level 3.7 Shapeshifting


You had 4 spell levels left.
You didn't know any spells.
Your spell library contained the following spells:

 Spells                   Type           Power      Damage    Failure   Level
 Ensorcelled Hibernation  Hex/Ice        0%         N/A       63%         2
 Anguish                  Hex/Necr       0%         N/A       99%         4

Inventory:

Missiles
 f - 6 boomerangs
 h - 19 stones
 j - 2 poisoned darts
Armour
 a - a +0 animal skin (worn)
Talismans
 c - a beast talisman (active)
 d - a flux talisman
Wands
 o - a wand of mindburst (14)
   (You found it on level 2 of the Dungeon)
Scrolls
 m - 3 scrolls of identify {@r1}
 n - a scroll of fog {unknown}
 p - a scroll of torment {unknown}
Potions
 b - 2 potions of might {unknown}
 e - 2 potions of heal wounds {@q2}
 g - a potion of brilliance {unknown}
 i - 2 potions of curing {unknown}
 k - a potion of invisibility {unknown}
 l - a potion of enlightenment {unknown}

Dungeon Overview and Level Annotations

Branches:
Dungeon (3/15) Zot: 16381

Altars:
Kikubaaqudgha
Nemelex Xobeh

Shops:
D:2

? .... .... .... #### ....
...# ##.....## ...#
####......[## #..
............# #.w##
#..........# #. #.{h##
#.........# ##.###โ€ ..#
#.........#
#.........###.........###
#..........##............
#........#.##............
#........................
#.........##......รท....##
#.......................#
#........#...........##.#


You could see a dart slug.


Message History

Deactivating autopickup; reactivate with Ctrl-A.
The orc shouts!
You hear a shout!
The orc hits you with a +0 dagger.
An orc comes into view. It is wielding a +0 short sword.
You completely miss the orc. You headbutt the orc!
You kill the orc!
A hobgoblin comes into view. ๐Ÿ˜• HP[-3]
You take 3 damage, and now have 42/45 hp.
A dart slug comes into view.
You see here a +0 dagger.
You hit the orc. ๐Ÿ˜• HP[+1]
You punch the orc!
You kill the orc!
The orc wizard mumbles some strange words.
The orc wizard flickers and vanishes!
You miss something. You headbutt something. You closely miss something.
You headbutt something. Something hits you.
You hear some strange, mumbled words.
A magic dart appears from out of thin air!
The magic dart hits you!
You punch something! Something hits you but does no damage.
Something barely misses you. ๐Ÿ˜• HP[-9]
You take 9 damage, and now have 34/45 hp.
You barely miss the hobgoblin. The dart slug launches a dart at you.
The slug dart hits you.
Something hits you. x2; The hobgoblin hits you.
You are too injured to fight recklessly! ๐Ÿ˜ฎ HP[-5]
You take 5 damage, and now have 29/45 hp.
You are too injured to fight recklessly!
You are too injured to fight recklessly!
You are too injured to fight recklessly!
You are too injured to fight recklessly!
You are too injured to fight recklessly!
You are too injured to fight recklessly!
Unknown command.
You hit something.
You hear some strange, mumbled words.
You are confused.
Something hits you.
The hobgoblin barely misses you. ๐Ÿ˜ฎ HP[-1]
You take 1 damage, and now have 28/45 hp.
You miss something. The dart slug launches a dart at you.
The slug dart hits you. ๐Ÿ˜ฎ HP[-1]
You take 1 damage, and now have 27/45 hp.
Unknown command.
You hit something.
Reactivating autopickup.
You feel a bit more experienced. The hobgoblin closely misses you.
The dart slug launches a dart at you.
The slug dart hits something. ๐Ÿ˜ฎ HP[+1] Unknown command.
You bump into the rock wall.
The orc hits you but does no damage. Something hits you.
Deactivating autopickup; reactivate with Ctrl-A.
The hobgoblin hits you. ๐Ÿ˜ฎ HP[-4]
You take 4 damage, and now have 24/45 hp.
You closely miss something. Your headbutt misses something.
The hobgoblin hits you.
* * * LOW HITPOINT WARNING * * *
Something hits you.
* * * LOW HITPOINT WARNING * * *
The orc closely misses you.
Unknown command. ๐Ÿ˜จ HP[-8]
You take 8 damage, and now have 16/45 hp.
You miss something. Something hits you but does no damage.
The orc closely misses you. The hobgoblin closely misses you.
Unknown command.
You punch the orc!
You kill the orc!
Something hits you.
* * * LOW HITPOINT WARNING * * *
The hobgoblin hits you.
* * * LOW HITPOINT WARNING * * *
๐Ÿ˜ฑ HP[-6]
You take 6 damage, and now have 10/45 hp.
You miss something. You headbutt something.
You hear some strange, mumbled words.
A puff of flame appears from out of thin air!
The puff of flame hits you!
* * * LOW HITPOINT WARNING * * *
The hobgoblin completely misses you.
Unknown command. ๐Ÿ˜ฑ HP[-7]
You take 7 damage, and now have 3/45 hp.
You completely miss the hobgoblin. You punch the hobgoblin.
You kill the hobgoblin!
You feel less confused. Something hits you.
* * * LOW HITPOINT WARNING * * *
The dart slug bites you.
You die...

Skill      XL: |  1  2  3  4  5 |
---------------+----------------+-----
Shapeshifting  | 3 |  3.7
Fighting       | 2 3 |  3.1
Unarmed Combat | 4 |  4.5
Dodging        | |  2.1

Action                     |  1- 3 |  4- 6 || total
---------------------------+-------+-------++-------
  Melee: Unarmed           |    65 |    24 ||    89
         Headbutt          |     8 |     6 ||    14
         Punch             |       |     2 ||     2
    Use: Potion            |     2 |       ||     2
 Armour: Animal skin       |     7 |     4 ||    11
         Skin              |     5 |       ||     5
  Dodge: Dodged            |    41 |     9 ||    50

Levels and vault maps discovered:
D:1:      scummos_arrival_gate, layout_basic,
          shapermc_ecumenical_altar_mp_vishouse, nicolae_grassy_gnolls
D:2:      layout_basic, basic_altar, serial_shops, shop
D:3:      layout_rooms, mainiacjoe_overflow_alcove_1,
          minmay_overflow_temple_star_quad

Notes
Turn   | Place    | Note
-------+----------+-------------------------------------------
     0 | D:1      | kae the Minotaur Shapeshifter began the quest for the Orb.
     0 | D:1      | Reached XP level 1. HP: 16/16 MP: 0/0
     0 | D:1      | magus.rc [v1.11.3]
    42 | D:1      | Reached XP level 2. HP: 23/23 MP: 1/1
   271 | D:1      | Reached XP level 3. HP: 28/29 MP: 2/2
   707 | D:1      | Found a faded altar of an unknown god.
   773 | D:2      | Found Cybakoer's Magic Scroll Emporium.
   782 | D:2      | Reached skill level 3 in Shapeshifting
   783 | D:2      | Bought a scroll of identify for 24 gold pieces
   951 | D:2      | Reached skill level 2 in Fighting
  1042 | D:2      | Found an ancient bone altar of Kikubaaqudgha.
  1271 | D:3      | Found a sparkling altar of Nemelex Xobeh.
  1307 | D:3      | Noticed a water moccasin
  1311 | D:3      | HP: 5/29 [water moccasin (6)]
  1313 | D:3      | HP: 1/29 [poisoned by a water moccasin]
  1318 | D:3      | HP: 8/43 [poisoned by a water moccasin]
  1320 | D:3      | Killed a water moccasin
  1320 | D:3      | HP: 3/43 [poisoned by a water moccasin]
  1321 | D:3      | Reached skill level 4 in Unarmed Combat
  1321 | D:3      | Reached XP level 4. HP: 5/37 MP: 3/3
  1321 | D:3      | Reached XP level 5. HP: 6/44 MP: 4/4
  1531 | D:3      | Reached skill level 3 in Fighting
  1541 | D:3      | You pick up a book of Dreams and begin reading...
  1541 | D:3      | You add the spells Ensorcelled Hibernation and Anguish to
                  | your library.
  1623 | D:3      | HP: 10/45 [hobgoblin (4)]
  1624 | D:3      | HP: 3/45 [something/puff of flame (7)]
  1625 | D:3      | Slain by a dart slug

Vanquished Creatures
  A water moccasin (D:3)
  An orc wizard (D:3)
  A gnoll (D:1)
  2 adders
  A worm (D:3)
  A dart slug (D:2)
  3 orcs (D:3)
  4 ball pythons
  5 endoplasms
  2 giant cockroaches
  A goblin (D:1)
  5 hobgoblins
  7 jackals
  4 bats (D:1)
  4 kobolds
  4 rats
46 creatures vanquished.

Table legend:
 A = Non-vault XP
 B = Vault XP
 C = Vault XP percentage of total XP
 D = Non-vault monster count
 E = Vault monster count
 F = Vault count percentage of total count
                 A         B        C        D         E       F
            +---------+---------+-------+---------+---------+-------
      Total |     290 |      15 |   4.9 |      45 |       1 |   2.2
            +---------+---------+-------+---------+---------+-------
        D:1 |      35 |      15 |  30.0 |      22 |       1 |   4.3
        D:2 |      36 |       0 |   0.0 |      13 |       0 |   0.0
        D:3 |     219 |       0 |   0.0 |      10 |       0 |   0.0
            +---------+---------+-------+---------+---------+-------

Skill      XL: |  1  2  3  4  5 |
---------------+----------------+-----
Shapeshifting  | 3 |  3.7
Fighting       | 2 3 |  3.1
Unarmed Combat | 4 |  4.5
Dodging        | |  2.1

Action                     |  1- 3 |  4- 6 || total
---------------------------+-------+-------++-------
  Melee: Unarmed           |    65 |    24 ||    89
         Headbutt          |     8 |     6 ||    14
         Punch             |       |     2 ||     2
    Use: Potion            |     2 |       ||     2
 Armour: Animal skin       |     7 |     4 ||    11
         Skin              |     5 |       ||     5
  Dodge: Dodged            |    41 |     9 ||    50

Illustrated notes

Table legend:
 A = Kills in this place as a percentage of kills in the entire game.
 B = Kills by you in this place as a percentage of kills by you in the entire game.
 C = Kills by friends in this place as a percentage of kills by friends in the entire game.
 D = Other kills in this place as a percentage of other kills in the entire game.
 E = Experience gained in this place as a percentage of experience gained in the entire game.
 F = Experience gained in this place divided by the number of levels of this place that you have seen.
                   A       B       C       D       E      F
               +-------+-------+-------+-------+-------+----------------------
         Total | 100.0 | 100.0 |   N/A |   N/A | 100.0 | 101.7
       Dungeon | 100.0 | 100.0 |   N/A |   N/A | 100.0 | 101.7
               +-------+-------+-------+-------+-------+----------------------

Table legend: (Time is in decaauts)
 A = Elapsed time spent in this place.
 B = Non-inter-level travel time spent in this place.
 C = Inter-level travel time spent in this place.
 D = Time resting spent in this place.
 E = Time spent auto-exploring this place.
 F = Levels seen in this place.
 G = Mean time per level.
                   A        B        C        D        E       F      G
               +--------+--------+--------+--------+--------+-----+--------+
         Total |   1618 |   1587 |     31 |     16 |   1350 |   3 |  539.3 |
       Dungeon |   1618 |   1587 |     31 |     16 |   1350 |   3 |  539.3 |
               +--------+--------+--------+--------+--------+-----+--------+

Top non-repeatable levels by time:
     D:1: 742 daAuts
     D:2: 515 daAuts
     D:3: 360 daAuts
